 Dungeon Sprint DCSS version 0.21-a0-297-ga3d34c2 (webtiles) character file.

364 potatolord6000 the Insei (level 6, -10/91 HPs)
             Began as a Gnoll Transmuter on Sept 28, 2017.
             Was a High Priest of Vehumet.
             Mangled by an eidolon (16 damage)
             ... in the Dungeon (Sprint VII: "The Pits").
             The game lasted 00:04:46 (735 turns).

potatolord6000 the Insei (Gnoll Transmuter)          Turns: 735, Time: 00:04:47

Health: -10/91     AC:  6    Str: 19    XL:     6   Next: 67%
Magic:  11/15      EV: 13    Int: 15    God:    Vehumet [*****.]
Gold:   0          SH:  0    Dex: 16    Spells: 10/18 levels left

rFire    x . .     SeeInvis .     - Unarmed
rCold    + + +     Gourm    .   (shield currently unavailable)
rNeg     . . .     Faith    .   (armour currently unavailable)
rPois    +         Spirit   .   (helmet currently unavailable)
rElec    .         Reflect  .   (cloak currently unavailable)
rCorr    .         Harm     .   (gloves currently unavailable)
MR       .....     NoTele   +   (boots currently unavailable)
Stlth    ..........             (no amulet)
HPRegen  0.25/turn              (no ring)
MPRegen  0.14/turn              (no ring)

@: berserking (expiring), ice-form, afraid, very slightly contaminated, drained,
very quick
A: distributed training, strong nose
a: End Transformation, Renounce Religion


You were in the Dungeon.
You worshipped Vehumet.
Vehumet was extremely pleased with you.
You were not hungry.
You were a creature of crystalline ice.
You visited 1 branch

Inventory:

Missiles
 a - 12 arrows
Armour
 b - a +0 robe (melded)
Magical Staves
 q - an uncursed staff of energy (melded)
Scrolls
 j - a scroll of blinking
 l - 3 scrolls of remove curse
 m - 5 scrolls of amnesia
 n - a scroll of summoning
Potions
 e - 6 potions of curing
 f - 3 potions of heal wounds
 g - a potion of haste
 h - 4 potions of magic
 i - a potion of berserk rage
 k - 2 potions of invisibility
Books
 c - a book of Changes

   Spells                             Type                      Level
   a - Beastly Appendage              Transmutation                1
   b - Sticks to Snakes               Transmutation                2
   c - Spider Form                    Transmutation/Poison         3
   d - Ice Form                       Ice/Transmutation            4
   e - Blade Hands                    Transmutation                5
Comestibles
 d - 8 bread rations
 o - 40 fruits
 p - 7 meat rations


   Skills:
 + Level 5.1(4.5) Fighting
 + Level 4.0(3.4) Short Blades
 + Level 4.5(3.9) Long Blades
 + Level 5.3(4.6) Axes
 + Level 4.5(3.9) Maces & Flails
 + Level 4.5(3.9) Polearms
 + Level 4.5(3.9) Staves
 + Level 4.4(3.7) Slings
 + Level 4.0(3.4) Bows
 + Level 3.7(3.0) Crossbows
 + Level 4.8(4.2) Throwing
 + Level 4.2(3.5) Armour
 + Level 6.6(5.9) Dodging
 + Level 3.9(3.2) Stealth
   Level 0.0 Stabbing
 + Level 4.4(3.7) Shields
   Level 0.0 Traps
 + Level 7.9(7.1) Unarmed Combat
 + Level 6.9(6.2) Spellcasting
 + Level 5.0(4.3) Conjurations
 + Level 5.3(4.6) Hexes
 + Level 4.4(3.7) Charms
 + Level 4.5(3.9) Summonings
 + Level 4.8(4.2) Necromancy
 + Level 4.7(4.0) Translocations
 + Level 6.6(5.9) Transmutations
 + Level 4.5(3.9) Fire Magic
 + Level 4.2(3.5) Ice Magic
 + Level 5.3(4.6) Air Magic
 + Level 4.5(3.9) Earth Magic
 + Level 4.2(3.5) Poison Magic
 + Level 4.2(3.5) Invocations
 + Level 4.5(3.9) Evocations


You had 10 spell levels left.
You knew the following spells:

 Your Spells              Type           Power        Failure   Level  Hunger
a - Beastly Appendage     Tmut           ###...       1%          1    None
b - Spider Form           Tmut/Pois      ###.......   6%          3    ##.....
c - Ice Form              Ice/Tmut       ###.....     21%         4    ####...


Dungeon Overview and Level Annotations

Branches:
Dungeon (1/1)

Altars:
Ashenzari
Cheibriados
Dithmenos
Elyvilon
Fedhas
Gozag
Hepliaklqana
Kikubaaqudgha
Makhleb
Nemelex Xobeh
Okawaru
Qazlal
Ru
Sif Muna
Trog
Uskayaw
Vehumet
Wu Jian
Xom
Yredelemnul
Zin
The Shining One
Beogh
Jiyva
Lugonu


Innate Abilities, Weirdness & Mutations

Your experience applies equally to all skills.
((You have very sharp teeth.))
Your uncanny sense of smell can sniff out nearby items.


Message History

Press: ? - help, v - describe, . - travel
Here: an eidolon (severely damaged, inspiring fear)
An open door.
You attempt to attack the eidolon, but flinch away in fear!
The eidolon hits you! x2
Unknown command.
You barely miss the eidolon.
The eidolon is severely damaged.
Unknown command.
You attempt to attack the eidolon, but flinch away in fear!
The eidolon hits you!!
* * * LOW HITPOINT WARNING * * *
The eidolon hits you but does no damage.
Unknown command.
You attempt to attack the eidolon, but flinch away in fear!
Unknown command.
You hit the eidolon but do no damage.
The eidolon is severely damaged.
The eidolon hits you!
You die...

#†#........##.......#
#'###########.......#
#....)..# #########
#.###...# #.#.....#
∆∆∆∆ #.#...#.#+# ∆
#.....#.#.+ ∆
#...###.#W# ∆
#.......'Y# ∆
###########


You could see an eidolon.

Vanquished Creatures
  Duvessa (D)
  A bullfrog (D)
  Dowan (D)
  A jelly (D)
  A quasit (D)
  2 worker ants (D)
  A white imp (D)
  3 ufetubi (D)
  An ooze (D)
  A bat skeleton (D)
  2 hobgoblins (D)
  6 jackals (D)
  A frilled lizard (D)
22 creatures vanquished.

Notes
Turn   | Place    | Note
-------+----------+-------------------------------------------
     0 | D        | potatolord6000 the Gnoll Transmuter began the quest for the Orb.
     0 | D        | Reached XP level 1. HP: 17/17 MP: 6/6
    13 | D        | Reached skill level 1 in Axes
    13 | D        | Reached skill level 1 in Slings
    13 | D        | Reached skill level 1 in Throwing
    13 | D        | Reached skill level 5 in Spellcasting
    13 | D        | Reached skill level 1 in Necromancy
    13 | D        | Reached skill level 1 in Poison Magic
    44 | D        | Found a bloodstained altar of Trog.
    44 | D        | Found a deep blue altar of Sif Muna.
    44 | D        | Found a viscous altar of Jiyva.
    44 | D        | Found a hazy altar of Hepliaklqana.
    44 | D        | Found an opulent altar of Gozag.
    45 | D        | Found a glowing golden altar of the Shining One.
    45 | D        | Found a glowing silver altar of Zin.
    45 | D        | Found a basalt altar of Yredelemnul.
    45 | D        | Found a shimmering altar of Xom.
    45 | D        | Found an ornate altar of the Wu Jian Council.
    45 | D        | Found a sacrificial altar of Ru.
    45 | D        | Found a stormy altar of Qazlal.
    45 | D        | Found an iron altar of Okawaru.
    45 | D        | Found a sparkling altar of Nemelex Xobeh.
    45 | D        | Found a burning altar of Makhleb.
    45 | D        | Found a blossoming altar of Fedhas.
    45 | D        | Found a white marble altar of Elyvilon.
    45 | D        | Found a shadowy altar of Dithmenos.
    45 | D        | Found a snail-covered altar of Cheibriados.
    47 | D        | Found a radiant altar of Vehumet.
    47 | D        | Found a corrupted altar of Lugonu.
    47 | D        | Found a roughly hewn altar of Beogh.
    49 | D        | Found an ancient bone altar of Kikubaaqudgha.
    49 | D        | Found a hide-covered altar of Uskayaw.
    49 | D        | Found a shattered altar of Ashenzari.
    57 | D        | Became a worshipper of Vehumet
    74 | D        | Noticed a worker ant
    77 | D        | Reached skill level 1 in Long Blades
    77 | D        | Reached skill level 1 in Conjurations
    77 | D        | Reached skill level 1 in Fire Magic
    77 | D        | Reached skill level 1 in Ice Magic
    77 | D        | Reached skill level 1 in Evocations
    77 | D        | Reached XP level 2. HP: 23/23 MP: 6/8
    80 | D        | Reached skill level 1 in Short Blades
    80 | D        | Reached skill level 1 in Maces & Flails
    80 | D        | Reached skill level 1 in Polearms
    80 | D        | Reached skill level 1 in Bows
    80 | D        | Reached skill level 1 in Crossbows
    80 | D        | Reached skill level 1 in Shields
    80 | D        | Reached skill level 1 in Charms
    80 | D        | Reached skill level 1 in Summonings
    80 | D        | Reached skill level 1 in Translocations
    80 | D        | Reached skill level 5 in Transmutations
    80 | D        | Reached skill level 1 in Earth Magic
    80 | D        | Reached XP level 3. HP: 28/28 MP: 7/10
   131 | D        | Reached * piety under Vehumet
   131 | D        | Offered knowledge of Shock by Vehumet.
   141 | D        | Reached ** piety under Vehumet
   142 | D        | Reached skill level 5 in Dodging
   334 | D        | Learned a level 3 spell: Spider Form
   344 | D        | Offered knowledge of Throw Flame by Vehumet.
   344 | D        | Reached XP level 4. HP: 20/37 MP: 8/11
   349 | D        | Reached *** piety under Vehumet
   585 | D        | Learned a level 4 spell: Ice Form
   634 | D        | Noticed a bullfrog
   634 | D        | Noticed Duvessa
   641 | D        | Offered knowledge of Conjure Flame by Vehumet.
   646 | D        | Reached **** piety under Vehumet
   646 | D        | Reached skill level 7 in Unarmed Combat
   666 | D        | Killed Duvessa
   666 | D        | Reached XP level 5. HP: 29/43 MP: 12/14
   682 | D        | Noticed Dowan
   682 | D        | Reached XP level 6. HP: 36/50 MP: 15/15
   696 | D        | Killed Dowan
   696 | D        | Reached ***** piety under Vehumet
   696 | D        | Reached skill level 5 in Fighting
   696 | D        | Reached skill level 5 in Axes
   696 | D        | Reached skill level 5 in Hexes
   696 | D        | Reached skill level 5 in Air Magic
   722 | D        | Reached skill level 5 in Conjurations
   725 | D        | Noticed an eidolon
   735 | D        | Mangled by an eidolon

Vault maps used:
D:        pitsprint

Skill      XL: |  1  2  3  4  5  6 |
---------------+-------------------+-----
Axes           | 1 2 4 5 |  5.3
Slings         | 1 2 3 4 |  4.4
Throwing       | 1 2 4 |  4.8
Spellcasting   | 5 6 |  6.9
Hexes          | 2 3 4 5 |  5.3
Necromancy     | 2 4 |  4.8
Poison Magic   | 1 2 3 4 |  4.2
Long Blades    | 1 2 3 4 |  4.5
Conjurations   | 1 2 4 5 |  5.0
Fire Magic     | 1 2 3 4 |  4.5
Ice Magic      | 1 2 3 4 |  4.2
Evocations     | 1 2 3 4 |  4.5
Short Blades   | 1 2 3 4 |  4.0
Maces & Flails | 1 2 3 4 |  4.5
Polearms       | 1 3 4 |  4.5
Staves         | 2 3 4 |  4.5
Bows           | 1 3 4 |  4.0
Crossbows      | 1 3 |  3.7
Stealth        | 2 3 |  3.9
Shields        | 1 2 3 4 |  4.4
Charms         | 1 3 4 |  4.4
Summonings     | 1 2 3 4 |  4.5
Translocations | 1 2 3 4 |  4.7
Transmutations | 5 6 |  6.6
Air Magic      | 2 3 4 5 |  5.3
Earth Magic    | 1 2 3 4 |  4.5
Invocations    | 2 3 4 |  4.2
Fighting       | 3 4 5 |  5.1
Dodging        | 5 6 |  6.6
Armour         | 2 3 4 |  4.2
Unarmed Combat | 7 |  7.9

Action                   |  1- 3 |  4- 6 || total
-------------------------+-------+-------++-------
Melee: Staff             |    21 |     1 ||    22
       Unarmed           |     5 |    59 ||    64
       Bite              |     1 |       ||     1
       Kick              |     5 |       ||     5
 Cast: Beastly Appendage |     3 |       ||     3
       Spider Form       |     1 |     3 ||     4
       Ice Form          |       |     1 ||     1
  Use: Potion            |     1 |     4 ||     5
Armor: Robe              |     2 |     2 ||     4
       Skin              |       |     5 ||     5
Dodge: Dodged            |    31 |    54 ||    85

Table legend:
 A = Spawn XP
 B = Non-spawn XP
 C = Spawn XP percentage of total XP
 D = Spawn monster count
 E = Non-spawn monster count
 F = Spawn count percentage of total count
 G = Total turns spent on level
                    A         B        C        D         E        F      G
               +---------+---------+-------+---------+---------+-------+---------
         Total |       0 |     520 |   0.0 |       0 |      22 |   0.0 |   735
               +---------+---------+-------+---------+---------+-------+---------
             D |       0 |     520 |   0.0 |       0 |      22 |   0.0 |   735
               +---------+---------+-------+---------+---------+-------+---------
